 Dungeon Crawl Stone Soup version 0.18.1-6-gd335043 (webtiles) character file.

1216 FitzyFitz the Carver (level 8, 0/66 HPs)
             Began as a Demigod Gladiator on May 16, 2016.
             Succumbed to a killer bee's poison
             ... on level 5 of the Dungeon.
             The game lasted 00:16:19 (6059 turns).

FitzyFitz the Carver (Demigod Gladiator)            Turns: 6059, Time: 00:16:19

Health: 0/66       AC:  6    Str: 18    XL:     8   Next: 2%
Magic:  11/11      EV: 13    Int: 24    God:
Gold:   172        SH:  0    Dex: 16    Spells: 0 memorised, 7 levels left

rFire  . . .     SeeInvis .     a - +0 long sword
rCold  . . .     Gourm    .     b - +0 leather armour
rNeg   . . .     Faith    +     (no shield)
rPois  .         Spirit   .     c - +0 helmet
rElec  .         Dismiss  .     q - +1 cloak
rCorr  .         Reflect  .     (no gloves)
SustAt +         Harm     .     (no boots)
MR     .....                    l - amulet of faith
Stlth  ++........               k - ring of wizardry
                                p - +3 ring of intelligence

@: brilliant, lethally poisoned (0 -> -4), very slightly contaminated, hasted,
very quick, not resistant to hostile enchantments, unstealthy
A: blurry vision 1, high mp 2, robust 1, sustain attributes
a: no special abilities


You were on level 5 of the Dungeon.
You were not hungry.

You visited 2 branches of the dungeon, and saw 6 of its levels.

You collected 172 gold pieces.

Inventory:

Hand Weapons
 a - a +0 long sword (weapon)
 x - a +0 hunting sling
 C - a +1 dagger of venom
 D - a +1 flail of protection
Missiles
 d - a throwing net (quivered)
 e - 37 poisoned needles
 g - 24 sling bullets
 h - 81 arrows
 j - 26 bolts
 m - 134 stones
 F - 4 tomahawks
Armour
 b - a +0 leather armour (worn)
 c - a +0 helmet (worn)
 q - a +1 cloak (worn)
 I - a +0 chain mail
Jewellery
 k - a ring of wizardry (right hand)
 l - an amulet of faith (around neck)
 p - a +3 ring of intelligence (left hand)
Wands
 u - a wand of slowing (20/48)
Scrolls
 n - 2 scrolls of immolation {unknown}
 o - 2 scrolls of identify
 r - a scroll of magic mapping {unknown}
 v - 2 scrolls of remove curse
 y - 2 scrolls of fog {unknown}
 z - a scroll of enchant armour {unknown}
 A - a scroll of teleportation {unknown}
 E - a scroll of noise {unknown}
 J - a scroll of enchant weapon {unknown}
Potions
 t - 2 potions of lignification
 w - a potion of cancellation
Miscellaneous
 H - a fan of gales (inert)
Comestibles
 f - 4 bread rations
 i - 3 chunks of flesh


   Skills:
 - Level 1.7 Fighting
 + Level 8.8 Long Blades
 - Level 1.7 Throwing
 - Level 3.1 Armour
 - Level 2.6 Dodging
 - Level 1.0 Stealth


You had 7 spell levels left.
You didn't know any spells.

Dungeon Overview and Level Annotations

Branches:
Dungeon (5/15)             Temple (1/1) D:4

Annotations:
D:5 1 runed door


Innate Abilities, Weirdness & Mutations

You have a considerably increased reservoir of magic (+20% MP).
Your attributes are resistant to harm.
Scrolls take you a little longer to read.
You are robust (+10% HP).


Message History

* * * LOW HITPOINT WARNING * * *
You feel sick. The worker ant barely misses you.
A hound comes into view.
The hound barks!
You hit the worker ant but do no damage.
The worker ant is heavily wounded.
You slash the worker ant!
You kill the worker ant!
* * * LOW HITPOINT WARNING * * *
You feel sick.
* * * LOW HITPOINT WARNING * * *
You feel sick.
You hit the worker ant.
The worker ant is lightly wounded.
The worker ant misses you.
The giant cockroach waves its antennae.
The giant cockroach closely misses you.
You slash the worker ant!
The worker ant is heavily wounded.
You die...

#....###.............
#....................
#.....................
#..###................. #...
#.................
###+########............
...........#............
...........#............
#######@...#............ .
#.....#as..#............ ..
+..!.††h...#............ ...
#.....#....#............
....#######....#............
...............#............
...............#............
######'########............
#.# #................


You could see a hound, a worker ant and a giant cockroach.

Vanquished Creatures
  3 ogres
  A water moccasin zombie (D:3)
  A killer bee (D:5)
  A howler monkey (D:5)
  2 hounds
  A jelly (D:5)
  2 orc priests
  A giant frog skeleton (D:5)
  6 worker ants
  Natasha (thrice) (D:4)
  3 orc wizards
  A hound skeleton (D:4)
  5 adders
  6 gnolls
  A howler monkey skeleton (D:3)
  An adder zombie (D:4)
  3 worms
  2 dart slugs
  5 giant geckos
  12 orcs
  2 bats
  8 giant cockroaches
  11 goblins
  5 hobgoblins
  4 jackals
  A quokka (D:2)
  9 giant newts
  4 kobolds
  A quokka skeleton (D:3)
  10 rats
115 creatures vanquished.

Vanquished Creatures (collateral kills)
  A soldier ant (D:5)
  A scorpion (D:5)
  2 worker ants (D:5)
4 creatures vanquished.

Grand Total: 119 creatures vanquished

Notes
Turn   | Place    | Note
--------------------------------------------------------------
     0 | D:1      | FitzyFitz the Demigod Gladiator began the quest for the Orb.
     0 | D:1      | Reached XP level 1. HP: 17/17 MP: 3/3
    60 | D:1      | Reached skill level 3 in Long Blades
   442 | D:1      | Reached XP level 2. HP: 24/24 MP: 4/4
   925 | D:1      | Reached skill level 1 in Armour
   925 | D:1      | Reached XP level 3. HP: 21/29 MP: 5/5
  1122 | D:2      | Reached skill level 4 in Long Blades
  1575 | D:2      | Found a white marble altar of Elyvilon.
  1603 | D:2      | Reached XP level 4. HP: 29/36 MP: 6/6
  1986 | D:2      | Found an ancient bone altar of Kikubaaqudgha.
  2578 | D:3      | Reached XP level 5. HP: 15/41 MP: 7/7
  2879 | D:3      | Found an opulent altar of Gozag.
  2880 | D:3      | Found a glowing silver altar of Zin.
  3198 | D:4      | Noticed an ogre
  3294 | D:4      | Noticed Natasha
  3308 | D:4      | Killed Natasha
  3308 | D:4      | Reached skill level 1 in Stealth
  3365 | D:4      | Reached skill level 5 in Long Blades
  3434 | D:4      | Killed an ogre
  3434 | D:4      | Reached XP level 6. HP: 48/48 MP: 8/8
  3658 | D:4      | Found a staircase to the Ecumenical Temple.
  3670 | Temple   | Entered the Ecumenical Temple
  3712 | Temple   | Reached skill level 6 in Long Blades
  3986 | D:4      | Noticed Natasha
  3996 | D:4      | Killed Natasha
  4042 | D:4      | Found a radiant altar of Vehumet.
  4042 | D:4      | Found a shadowy altar of Dithmenos.
  4042 | D:4      | Found a blossoming altar of Fedhas.
  4042 | D:4      | Found a sparkling altar of Nemelex Xobeh.
  4444 | D:4      | Reached XP level 7. HP: 12/53 MP: 9/9
  4460 | D:4      | Reached skill level 7 in Long Blades
  4813 | D:4      | Noticed Natasha
  4821 | D:4      | Killed Natasha
  4995 | D:5      | Entered Level 5 of the Dungeon
  5021 | D:5      | Found an ancient bone altar of Kikubaaqudgha.
  5158 | D:5      | Gained mutation: You have a considerably increased reservoir of magic (+20% MP). [potion of mutation]
  5158 | D:5      | Gained mutation: Scrolls take you a little longer to read. [potion of mutation]
  5158 | D:5      | Gained mutation: You are robust (+10% HP). [potion of mutation]
  5173 | D:5      | HP: 2/58 [poisoned by a worker ant]
  5181 | D:5      | HP: 2/58 [poisoned by a worker ant]
  5881 | D:5      | Reached skill level 8 in Long Blades
  6003 | D:5      | Found a runed door.
  6011 | D:5      | Found a runed door.
  6051 | D:5      | Reached XP level 8. HP: 4/66 MP: 11/11
  6051 | D:5      | HP: 3/66 [poisoned by a killer bee]
  6057 | D:5      | HP: 1/66 [poisoned by a killer bee]
  6059 | D:5      | Succumbed to a killer bee's poison

Skill      XL: |  1  2  3  4  5  6  7 |
---------------+----------------------+-----
Long Blades    | 3 4 5 6 8 |  8.8
Armour         | 1 2 3 |  3.1
Stealth        | 1 |  1.0
Fighting       | |  1.7
Throwing       | |  1.7
Dodging        | |  2.6

Action                   |  1- 3 |  4- 6 |  7- 9 || total
-------------------------+-------+-------+-------++-------
Melee: Long sword        |    81 |   220 |   144 ||   445
 Fire: Hunting sling     |       |    13 |       ||    13
Throw: Throwing net      |       |     4 |       ||     4
       Stone             |       |     1 |       ||     1
Evoke: Fan of gales      |       |       |     1 ||     1
  Use: Scroll            |     1 |       |     2 ||     3
       Potion            |       |       |     9 ||     9
 Stab: Sleeping          |       |     3 |       ||     3
       Distracted        |       |     1 |       ||     1
  Eat: Chunk             |     2 |     8 |     1 ||    11
       Pizza             |       |     1 |       ||     1
       Meat ration       |       |       |     1 ||     1
Armor: Leather armour    |    21 |    45 |    44 ||   110
       Skin              |       |       |    11 ||    11
Dodge: Dodged            |    49 |   149 |    87 ||   285
